Map: Lock & Load

Players

ViS

  • Race: Zerg Zerg

Vosk

  • Race: Terran Terran
  • Spawn Location: 6:00

VOD

Have the link to the VOD?

Description

Time

  • Played on: Jan. 7, 2018, 3:16 a.m.
  • Length: 9:41
Show
View Real Time Build Order
Export as new Build Order

ViS Zerg 

Build Orders:  

Get SALT Encoding   

  18  0:03  Primal Drone  
  19  0:12  Primal Drone  
  19  0:18  Primal Drone  
  21  0:29  Extractor  
  21  0:50  Primal Warden  
  21  0:56  Primal Drone  
  23  1:01  Primal Drone  
  23  1:09  Primal Drone  
  25  1:14  Primal Drone  
  26  1:22  Primal Drone  
  27  1:54  Primal Drone x2  
  29  2:01  Glevig's Den  
  29  2:09  Primal Drone  
  29  2:49  Primal Drone x2  
  31  2:57  Primal Drone  
  32  3:34  Primal Drone x2  
  34  3:43  Murvar's Den  
  34  3:46  Primal Wurm  
  34  3:48  Primal Wurm  
  34  3:49  Primal Drone  
  36  4:03  Primal Drone  
  36  4:09  Primal Wurm  
  38  4:28  Primal Warden  
  38  4:32  Primal Drone  
  38  4:39  Primal Drone  
  40  4:55  Primal Drone  
  43  5:04  Primal Wurm  
  43  5:13  Primal Drone  
  43  5:19  Primal Wurm  
  44  5:45  Primal Drone  
  44  5:46  Primal Drone  
  46  6:45  Primal Wurm  
  46  6:48  Primal Wurm  
  50  6:52  Primal Wurm  
  49  7:06  Primal Drone  
Show
View Real Time Build Order
Export as new Build Order

Vosk Terran 

Build Orders:  

Get SALT Encoding   

  12  0:05  SCV  
  13  0:23  SCV  
  14  0:40  SCV  
  14  0:44  Supply Depot  
  15  0:57  SCV  
  16  1:04  Barracks  
  16  1:13  SCV  
  17  1:30  SCV  
  18  1:48  Orbital Command  
  18  2:21  Command Center  
  18  2:32  SCV  
  19  2:49  SCV  
  20  3:06  SCV  
  21  3:16  Command Center  
  21  3:47  Command Center  
  21  3:53  Command Center  
  21  4:08  Orbital Command  
  21  4:58  Orbital Command  
  21  5:32  Orbital Command  
  21  5:33  Orbital Command  
  21  6:37  Command Center  
  21  6:39  Command Center  
Tags
 
Commander
DehakaRaynor
Matchup
Co-op
Replay Pack
Co-op Speedrun
Add a new tag
Caveats
  • Supply blocks, unpowered buildings, or Contaminate may cause inaccurate times.
  • Supply counts are checked every 10 seconds.